 Dungeon Crawl Stone Soup version 0.18-a0-1685-g4482fe3 (webtiles) character file.

55 HandofTrog the Skirmisher (level 3, -1/31 HPs)
             Began as a Mummy Fighter on Apr 4, 2016.
             Slain by Natasha (7 damage)
             ... on level 2 of the Dungeon.
             The game lasted 00:05:33 (741 turns).

HandofTrog the Skirmisher (Mummy Fighter)            Turns: 741, Time: 00:05:33

Health: -1/31      AC:  6    Str: 20    XL:     3   Next: 67%
Magic:  3/3        EV:  2    Int:  7    God:
Gold:   65         SH:  8    Dex: 11    Spells: 0 memorised, 2 levels left

rFire  x . .     SeeInvis .     a - +0 war axe
rCold  + . .     Gourm    .     b - +0 scale mail
rNeg   + + +     Faith    .     c - +0 shield
rPois  ∞         Spirit   .     (no helmet)
rElec  .         Dismiss  .     (no cloak)
rCorr  .         Reflect  .     (no gloves)
SustAt .         Harm     .     (no boots)
MR     .....                    (no amulet)
Stlth  ..........               (no ring)
                                (no ring)

@: not resistant to hostile enchantments, extremely unstealthy
A: no food or potions, fire vulnerability, cold resistance 1, negative energy
resistance 3, torment resistance, unbreathing
a: no special abilities


You were on level 2 of the Dungeon.
You were not hungry.

You visited 1 branch of the dungeon, and saw 2 of its levels.

You collected 65 gold pieces.

Inventory:

Hand Weapons
 a - a +0 war axe (weapon)
Armour
 b - a +0 scale mail (worn)
 c - a +0 shield (worn)
Jewellery
 i - an uncursed ring of wizardry {unknown}
Scrolls
 d - 2 scrolls of identify {unknown}
 e - a scroll of enchant weapon {unknown}
 f - 2 scrolls of enchant armour {unknown}
 g - a scroll of fear {unknown}
 h - a scroll of amnesia {unknown}
 j - a scroll of random uselessness {unknown}


   Skills:
 + Level 4.7 Fighting
 - Level 1.5 Axes
 - Level 2.4 Armour
 - Level 2.4 Shields


You had 2 spell levels left.
You didn't know any spells.

Dungeon Overview and Level Annotations

Branches:
Dungeon (2/15)

Altars:
Ashenzari

Annotations:
D:2 Natasha


Innate Abilities, Weirdness & Mutations

You do not eat or drink.
Your flesh is vulnerable to fire.
You are immune to poison.
Your flesh is cold resistant.
You are immune to negative energy.
You are immune to unholy pain and torment.
You can survive without breathing.


Message History

The crimson imp barely misses you.
The shadow imp hits you but does no damage.
You hit Natasha.
Natasha is moderately wounded.
You closely miss the crimson imp.
You hit the shadow imp but do no damage.
You miss the crimson imp. Natasha claws you.
* * * LOW HITPOINT WARNING * * *
The crimson imp hits you but does no damage.
You block the shadow imp's attack. The crimson imp barely misses you. x2
You block Natasha's attack.
The shadow imp grinds its teeth.
The crimson imp hits you but does no damage.
A worm comes into view.
The shadow imp spits at you. Natasha completely misses you.
The shadow imp hits you but does no damage.
There is an escape hatch in the ceiling here.
The crimson imp blinks!
You block the crimson imp's attack. Natasha claws you!
You die...

#.# #..###........ #.# .#..
#........ #.# .. .... # #........
#.# #.. #.......##...#.#.. #.#
#.# #....##.##.....#.) #.#
##..###.##..#........#.. #.#
#...w......5.........#.. #.#
#................#...#.. #.#
#.....5@......##....)... #h#
#.....5h....#.##.####... #.#
#......§......)#.#...... #.#
#..........#.#.......##. #.#
#..........#.###....###. #.#
#..........#..##..#..... #.#
###†.########...........
##h#######....##.................
.......##...###..................


You could see a worm, Natasha, 2 crimson imps and a shadow imp.

Vanquished Creatures
  2 adders (D:2)
  A worm (D:2)
  A dart slug (D:1)
  A giant gecko (D:1)
  3 bats
  4 giant cockroaches
  5 goblins
  A hobgoblin (D:2)
  3 giant newts
  5 kobolds
  7 rats
33 creatures vanquished.

Notes
Turn   | Place    | Note
--------------------------------------------------------------
     0 | D:1      | HandofTrog the Mummy Fighter began the quest for the Orb.
     0 | D:1      | Reached XP level 1. HP: 18/18 MP: 1/1
   140 | D:1      | Reached XP level 2. HP: 24/24 MP: 2/2
   434 | D:2      | Reached skill level 4 in Fighting
   436 | D:2      | Reached XP level 3. HP: 24/30 MP: 3/3
   456 | D:2      | Found a shattered altar of Ashenzari.
   703 | D:2      | Noticed Natasha
   741 | D:2      | Slain by Natasha

Vault maps used:
D:1:      nicolae_arrival_memento_mori, hangedman_abyss_or_decor_stabs,
          minmay_splitting_lines, minivault_26
D:2:      lemuel_round_altar, uniq_natasha

Skill      XL: |  1  2 |
---------------+-------+-----
Fighting       | 4 |  4.7
Axes           | |  1.5
Armour         | |  2.4
Shields        | |  2.4

Action                   || total
-------------------------++-------
Melee: War axe           ||    85
